 Dungeon Crawl Stone Soup version 0.18.1-5-g4a78601 (webtiles) character file.

61 PossumBlood the Conjurer (level 3, 0/21 HPs)
             Began as a High Elf Wizard on May 10, 2016.
             Slain by an adder (5 damage)
             ... on level 3 of the Dungeon.
             The game lasted 00:04:44 (2010 turns).

PossumBlood the Conjurer (High Elf Wizard)          Turns: 2010, Time: 00:04:45

Health: 0/21       AC:  7    Str:  6    XL:     3   Next: 83%
Magic:  8/9        EV: 12    Int: 23    God:
Gold:   99         SH:  0    Dex: 13    Spells: 4 memorised, 2 levels left

rFire  . . .     SeeInvis .     h - +2 dagger (protect)
rCold  . . .     Gourm    +     a - +0 robe
rNeg   . . .     Faith    .     (no shield)
rPois  .         Spirit   .     b - +0 hat
rElec  .         Dismiss  .     (no cloak)
rCorr  .         Reflect  .     (no gloves)
SustAt .         Harm     .     (no boots)
MR     .....                    k - amulet of the gourmand
Stlth  ++........               (no ring)
                                (no ring)

@: not resistant to hostile enchantments, unstealthy
A: no striking features
a: no special abilities


You were on level 3 of the Dungeon.
You were not hungry.

You visited 1 branch of the dungeon, and saw 3 of its levels.

You collected 99 gold pieces.

Inventory:

Hand Weapons
 h - a +2 dagger of protection (weapon)
Armour
 a - a +0 robe (worn)
 b - a +0 hat (worn)
Jewellery
 k - an amulet of the gourmand (around neck)
Scrolls
 e - a scroll of random uselessness {unknown}
 g - 3 scrolls of identify {unknown}
 n - a scroll of fog {unknown}
Potions
 j - 2 potions of brilliance {unknown}
 l - 3 potions of curing {unknown}
 o - a potion of haste {unknown}
 p - a potion of magic {unknown}
Books
 c - a book of Minor Magic

   Spells                             Type                      Level
   a - Magic Dart                     Conjuration                  1
   b - Blink                          Translocation                2
   c - Call Imp                       Summoning                    2
   d - Repel Missiles                 Charms/Air                   2
   e - Slow                           Hexes                        2
   f - Conjure Flame                  Conjuration/Fire             3
   g - Mephitic Cloud                 Conjuration/Poison/Air       3
Comestibles
 d - 2 bread rations
 f - a royal jelly
 i - a slice of pizza
 m - a meat ration


   Skills:
 - Level 2.1 Dodging
 - Level 2.1 Stealth
 - Level 3.6 Spellcasting
 + Level 4.1 Conjurations
   Level 0.8 Summonings
 - Level 1.1 Translocations


You had 2 spell levels left.
You knew the following spells:

 Your Spells              Type           Power        Failure   Level  Hunger
a - Magic Dart            Conj           ###.         1%          1    None
b - Blink                 Tloc           N/A          12%         2    #......
c - Repel Missiles        Chrm/Air       #.....       21%         2    #......
d - Slow                  Hex            #.......     21%         2    #......


Dungeon Overview and Level Annotations

Branches:
Dungeon (3/15)

Altars:

Annotations:
D:3 PossumBlood's ghost, amateur MiFi


Message History

The quokka closely misses you.
Found a leather armour.
The hobgoblin shouts!
PossumBlood's ghost whispers, "Trust me.
Just give in."
PossumBlood's ghost hits you. The quokka bites you.
* * * LOW HITPOINT WARNING * * *
There is a stone staircase leading down here.
The quokka misses you. The quokka barely misses you.
Found a lumpy cameo amulet.
The quokka bites you but does no damage.
Found a plate armour.
You see here a lumpy cameo amulet.
A rat comes into view.
The quokka closely misses you. The quokka barely misses you.
The rat bites you but does no damage. The adder barely misses you.
The adder bites you.
You die...

###############
####.W...".......#
##..rr#g###.#####.
#.#.....S#[.......#
#......@..###.#####
#[........# #W#
##$.......# #.#
##.....#.# #g#
#....##.# #.# #....
.# #.# #...# ## #.#
##..#######.#
#...g.W....#


You could see PossumBlood's ghost, an adder, a quokka, a hobgoblin and a rat.

Vanquished Creatures
  2 adders (D:2)
  An ooze (D:1)
  A worm (D:2)
  A giant gecko (D:2)
  2 ball pythons (D:2)
  A giant cockroach (D:2)
  4 goblins
  4 hobgoblins
  5 kobolds
  A quokka (D:2)
  7 bats
  2 giant newts (D:1)
  4 rats
35 creatures vanquished.

Notes
Turn   | Place    | Note
--------------------------------------------------------------
     0 | D:1      | PossumBlood the High Elf Wizard began the quest for the Orb.
     0 | D:1      | Reached XP level 1. HP: 11/11 MP: 6/6
    86 | D:1      | Reached skill level 2 in Conjurations
   296 | D:1      | Reached XP level 2. HP: 17/17 MP: 2/7
   341 | D:1      | Learned a level 2 spell: Blink
   344 | D:1      | Learned a level 2 spell: Repel Missiles
   347 | D:1      | Learned a level 2 spell: Slow
  1052 | D:2      | Reached skill level 3 in Conjurations
  1084 | D:2      | Reached XP level 3. HP: 9/21 MP: 0/9
  1714 | D:2      | Reached skill level 4 in Conjurations
  1941 | D:3      | Noticed PossumBlood's ghost (amateur MiFi)
  2010 | D:3      | Slain by an adder

Skill      XL: |  1  2  3 |
---------------+----------+-----
Conjurations   | 2 3 4 |  4.1
Dodging        | |  2.1
Stealth        | |  2.1
Spellcasting   | |  3.6
Summonings     | |  0.8
Translocations | |  1.1

Action                   || total
-------------------------++-------
Melee: Unarmed           ||    10
       Dagger            ||     3
 Cast: Magic Dart        ||    85
       Blink             ||     2
  Eat: Bread ration      ||     1
Armor: Robe              ||    13
Dodge: Dodged            ||    33
